Map: Emerald City LE

Players

DestroyerPh - Winner!

  • Race: Protoss Protoss
  • Spawn Location: 11:00

Zannall - Winner!

  • Race: Zerg Zerg
  • League: Diamond
  • Spawn Location: 11:00

Cthulhu

  • Race: Protoss Protoss
  • Spawn Location: 5:00

Throwfordays

  • Race: Zerg Zerg
  • League: Silver
  • Spawn Location: 5:00

VOD

Have the link to the VOD?

Description

Time

  • Played on: Feb. 11, 2019, 9:46 p.m.
  • Length: 10:03
Show
View Real Time Build Order
Export as new Build Order

DestroyerPh Protoss - Winner!

Build Orders:  

Get SALT Encoding   

  1  0:00  Probe  
  12  0:06  Probe  
  14  0:30  Pylon  
  14  0:37  Probe  
  15  0:49  Forge, Probe  
  16  0:57  Gateway  
  16  1:01  Probe  
  17  1:08  Assimilator  
  17  1:22  Photon Cannon  
  17  1:46  Nexus  
  17  1:55  Cybernetics Core  
  17  2:00  Pylon  
  16  2:13  Zealot  
  18  2:18  Probe  
  19  2:26  Probe  
  19  2:28  Assimilator  
  19  2:36  Probe  
  20  2:44  Gateway  
  21  2:48  Probe  
  22  2:54  Photon Cannon  
  22  2:57  Probe  
  22  3:00  Probe  
  24  3:06  Stalker  
  26  3:18  Probe  
  26  3:20  Pylon  
  26  3:26  Probe x2  
  28  3:33  Stalker  
  31  3:39  Probe  
  32  3:49  Stalker  
  34  3:56  Shield Battery  
  34  3:59  Pylon  
  34  4:01  Protoss Shields Level 1  
  34  4:09  Stalker, Probe  
  37  4:17  Probe  
  37  4:22  Photon Cannon  
  38  4:29  Probe  
  39  4:36  Assimilator  
  39  4:40  Assimilator  
  39  4:42  Stalker, Probe  
  42  4:54  Probe  
  43  5:03  Stalker  
  43  5:06  Probe  
  46  5:11  Stalker  
  48  5:16  Probe  
  48  5:19  Pylon  
  49  5:24  Probe  
  49  5:33  Stalker  
  52  5:41  Stalker  
  54  5:43  Stargate  
  54  5:47  Stargate  
  54  5:51  Pylon  
  54  5:55  Pylon  
  54  6:09  Stargate  
  54  6:14  Probe  
  55  6:22  Probe  
  55  6:31  Probe  
  57  6:43  Void Ray x2  
  57  6:44  Probe  
  66  6:56  Probe  
  65  7:07  Void Ray  
  69  7:19  Probe  
  70  7:26  Void Ray  
  70  7:27  Probe  
  72  7:36  Probe  
  67  7:43  Void Ray  
  62  7:52  Photon Cannon  
  62  7:58  Nexus  
  62  8:03  Assimilator  
  62  8:06  Void Ray  
  62  8:09  Void Ray  
  70  8:25  Stargate  
  70  8:40  Photon Cannon  
  70  8:48  Void Ray  
  70  8:49  Void Ray  
  78  8:55  Pylon  
  78  9:15  Photon Cannon  
  78  9:21  Shield Battery  
  78  9:25  Fleet Beacon  
  86  9:43  Probe  
  86  9:51  Probe  
Show
View Real Time Build Order
Export as new Build Order

Zannall Zerg - Winner!

Build Orders: Hatch First 

Get SALT Encoding   

  12  0:01  Drone  
  13  0:12  Overlord  
  13  0:16  Drone  
  14  0:34  Drone x2  
  14  0:35  Drone  
  17  0:45  Drone  
  18  0:57  Hatchery  
  18  1:00  Drone  
  18  1:04  Extractor  
  18  1:07  Drone  
  18  1:19  Spawning Pool  
  18  1:22  Drone  
  18  1:28  Drone  
  19  1:39  Drone  
  20  1:49  Overlord  
  20  2:11  Queen  
  20  2:12  Queen  
  24  2:20  Drone  
  24  2:21  Drone x3  
  24  2:22  Drone  
  29  2:30  Drone  
  29  2:32  Drone  
  31  2:41  Drone  
  31  2:43  Overlord  
  32  2:54  Lair, Queen  
  32  2:55  Drone  
  32  2:56  Drone  
  36  3:02  Overlord  
  36  3:08  Drone  
  37  3:13  Extractor  
  37  3:14  Drone  
  37  3:25  Drone x7  
  44  3:30  Overlord  
  44  3:48  Overlord  
  44  3:49  Overlord  
  44  3:50  Drone  
  44  3:52  Hatchery  
  44  3:54  Extractor  
  43  3:56  Extractor  
  43  3:57  Drone x3  
  43  3:58  Drone x3  
  48  4:08  Spire  
  47  4:10  Drone x3  
  50  4:34  Overlord x3  
  50  4:38  Drone x4  
  51  4:39  Drone  
  55  5:13  Overlord  
  55  5:15  Extractor, Overlord  
  55  5:16  Extractor  
  53  5:22  Mutalisk  
  53  5:23  Mutalisk x6  
  67  5:30  Drone  
  67  5:31  Drone x5  
  73  5:37  Mutalisk  
  73  5:39  Mutalisk  
  77  5:53  Mutalisk  
  77  5:54  Mutalisk  
  81  5:59  Hatchery  
  81  6:00  Drone  
  81  6:01  Drone x7  
  81  6:02  Overlord  
  88  6:11  Mutalisk x2  
  88  6:12  Mutalisk  
  94  6:33  Mutalisk x2  
  94  6:34  Mutalisk  
  100  6:41  Drone x2  
  100  6:42  Drone x6  
  108  6:47  Mutalisk  
  108  6:50  Zerg Flyer Weapons Level 1  
  106  7:12  Mutalisk x4  
  106  7:13  Mutalisk  
  116  7:22  Zergling x2  
  117  7:23  Zergling x22  
  117  7:27  Metabolic Boost  
  128  7:33  Drone  
  128  7:35  Extractor x2  
  119  7:57  Mutalisk  
  119  7:58  Mutalisk x5  
  120  8:02  Zergling x4  
  120  8:03  Zergling x4  
  103  8:16  Spine Crawler x2  
  103  8:17  Spine Crawler  
  103  8:18  Spine Crawler  
  103  8:19  Spine Crawler  
  94  8:20  Spine Crawler  
  90  8:32  Mutalisk  
  90  8:33  Mutalisk x4  
  100  8:38  Zergling x6  
  73  9:17  Mutalisk  
  73  9:18  Mutalisk x2  
  81  9:32  Mutalisk  
  81  9:33  Zergling x2  
  81  9:34  Zergling x18  
Show
View Real Time Build Order
Export as new Build Order

Cthulhu Protoss 

Build Orders: Blink Stalkers 

Get SALT Encoding   

  12  0:00  Probe  
  13  0:08  Probe  
  14  0:18  Probe  
  14  0:20  Pylon  
  15  0:39  Probe  
  16  0:53  Gateway  
  16  0:59  Pylon  
  16  1:02  Assimilator  
  16  1:11  Probe  
  17  1:19  Probe  
  18  1:49  Nexus  
  18  1:50  Zealot  
  18  1:53  Pylon, Probe  
  21  2:12  Probe  
  22  2:18  Cybernetics Core  
  22  2:22  Forge  
  22  2:27  Assimilator  
  22  2:33  Probe  
  23  2:44  Zealot  
  23  2:45  Probe  
  26  3:01  Robotics Facility  
  26  3:03  Pylon  
  26  3:07  Twilight Council  
  26  3:08  Probe  
  27  3:15  Warp Gate  
  27  3:16  Probe  
  27  3:20  Probe  
  29  3:32  Stalker  
  31  3:34  Blink  
  31  3:48  Probe x2  
  33  4:00  Immortal  
  37  4:12  Assimilator  
  37  4:34  Probe x2  
  37  4:36  Protoss Ground Weapons Level 1  
  39  4:48  Immortal  
  43  4:53  Probe x2  
  43  4:59  Gateway  
  45  5:00  Gateway  
  45  5:02  Gateway  
  45  5:03  Probe  
  45  5:05  Probe  
  46  5:11  Probe  
  47  5:17  Probe  
  49  5:26  Nexus  
  49  5:29  Pylon  
  49  5:35  Observer  
  50  5:39  Stalker  
  52  5:49  Probe x2  
  54  6:01  Probe  
  55  6:04  Photon Cannon  
  55  6:16  Pylon  
  55  6:18  Stalker x2  
  55  6:19  Stalker x2  
  63  6:26  Photon Cannon  
  63  6:28  Pylon  
  63  6:32  Photon Cannon  
  63  6:40  Photon Cannon  
  63  6:41  Photon Cannon  
  44  7:19  Stalker x3  
  44  7:20  Stalker  
  42  7:45  Stalker x3  
  42  7:46  Stalker  
  44  7:53  Pylon  
  44  7:55  Photon Cannon  
  44  7:56  Photon Cannon  
  44  7:58  Photon Cannon  
  35  8:00  Photon Cannon, Probe x2  
  28  8:05  Photon Cannon  
  28  8:08  Photon Cannon  
  28  8:09  Photon Cannon  
  28  8:12  Probe  
  27  8:31  Stalker x3  
  33  8:47  Stalker  
  29  9:15  Stalker  
  29  9:24  Pylon  
  29  9:25  Pylon  
  27  9:43  Photon Cannon  
  27  9:47  Stalker  
  29  9:53  Photon Cannon  
Show
View Real Time Build Order
Export as new Build Order

Throwfordays Zerg 

Build Orders: Pool First 

Get SALT Encoding   

  12  0:01  Drone  
  13  0:08  Drone  
  14  0:27  Spawning Pool  
  13  0:29  Drone  
  14  0:37  Overlord  
  14  0:47  Extractor  
  14  0:48  Drone  
  14  0:52  Overlord  
  14  0:59  Drone  
  14  1:03  Drone  
  16  1:14  Queen  
  18  1:22  Drone  
  18  1:24  Drone  
  20  1:36  Drone  
  21  1:54  Drone  
  21  1:57  Hatchery  
  21  2:04  Zergling x2  
  22  2:13  Zergling x2  
  23  2:17  Metabolic Boost  
  23  2:22  Evolution Chamber  
  23  2:27  Drone  
  23  2:30  Zergling x6  
  26  2:46  Zergling x2  
  27  3:05  Zerg Melee Weapons Level 1  
  27  3:09  Drone x2  
  29  3:14  Extractor  
  29  3:15  Queen  
  29  3:16  Drone  
  26  3:57  Zergling x8  
  30  4:07  Drone x3  
  33  4:17  Zergling x4  
  35  4:31  Drone  
  35  4:36  Overlord  
  35  4:38  Overlord  
  36  4:41  Overlord  
  36  4:45  Overlord  
  36  4:58  Drone x3  
  39  5:03  Zergling x6  
  39  5:06  Drone x4  
  39  5:07  Drone x2  
  48  5:26  Drone  
  49  5:28  Extractor  
  49  5:29  Hatchery  
  49  5:33  Extractor  
  46  5:42  Evolution Chamber  
  45  5:48  Roach Warren  
  44  5:54  Lair  
  44  5:57  Pneumatized Carapace  
  44  5:59  Drone  
  44  6:00  Drone x5  
  44  6:03  Overlord x3  
  50  6:09  Zerg Ground Armor Level 1  
  50  6:11  Zerg Missile Weapons Level 1  
  50  6:14  Drone  
  39  6:35  Drone x4  
  39  6:36  Drone  
  44  6:57  Roach x2  
  44  6:59  Zergling x2  
  44  7:00  Zergling x8  
  53  7:05  Zergling x6  
  56  7:08  Zergling x2  
  56  7:09  Zergling x6  
  56  7:14  Zergling x2  
  58  8:01  Hydralisk Den  
  57  8:17  Spore Crawler  
  57  8:19  Spore Crawler  
  54  8:24  Spore Crawler  
  54  8:25  Spore Crawler  
  39  8:46  Hydralisk x3  
  39  8:47  Hydralisk x3  
  31  9:18  Hydralisk x2  
  31  9:19  Hydralisk x4  
  31  9:21  Queen  
  35  9:33  Spore Crawler  
  34  9:45  Hydralisk Den  
Tags
 
Add a new tag
Caveats
  • Supply blocks, unpowered buildings, or Contaminate may cause inaccurate times.
  • Supply counts are checked every 10 seconds.